[Event "Titled Tuesday Blitz December 13 Late 2022"]
[White "Annaberdiyev, Babageldi"]
[Black "Svane, Rasmus"]
[WhiteFideId "14000385"]
[BlackFideId "4657101"]
[WhiteElo "2332"]
[BlackElo "2674"]
[Result "1-0"]
[Round "10"]
[TimeControl "180+1"]
[Date "2022.12.13"]
[WhiteClock "0:00:07"]
[BlackClock "0:00:04"]

1. e4 c6 2. d4 d5 3. Nd2 dxe4 4. Nxe4 Nf6 5. Nxf6+ exf6 6. Bc4 Bd6 7. Qe2+ Be7 8. Nf3 O-O 9. O-O Bd6 10. Re1 Na6 11. Bd3 Nc7 12. c4 Re8 13. Qd1 Bg4 14. Rxe8+ Qxe8 15. Be3 Qd7 16. h3 Be6 17. Qc2 g6 18. Rd1 Rd8 19. a3 a6 20. Bf1 Bf5 21. Qc3 Be7 22. b4 b5 23. d5 cxd5 24. c5 Ne6 25. Nd4 Nxd4 26. Bxd4 Qc6 27. Re1 Kf8 28. Qe3 Re8 29. Qh6+ Kg8 30. Qe3 Bd7 31. Qd2 Be6 32. g3 Qc7 33. Bg2 Kg7 34. h4 h5 35. Qb2 Qd8 36. Kh2 Kg8 37. f4 f5 38. Rc1 Bf8 39. Be5 Qe7 40. c6 Rc8 41. c7 Qd7 42. Qd4 f6 43. Bxf6 Rxc7 44. Rxc7 Qxc7 45. Bxd5 Qd7 46. Bg2 Qf7 47. Be5 Kh7 48. Qb6 Qd7 49. Qxa6 Bc4 50. Qf6 Bg7 51. Qxg7+ Qxg7 52. Bxg7 Kxg7 53. Bc6 Kf6 54. a4 bxa4 55. Bxa4 Ke7 56. Bc6 Bf7 57. Kg1 Kd6 58. b5 Kc5 59. Kf2 Kb6 60. Ke3 Kc5 61. Kd3 Bc4+ 62. Kc3 Bf7 63. Bd7 Kd6 64. Bc6 Kc5 65. Bd7 Kd6 66. Bc8 Kc5 67. Ba6 Bc4 68. Kd2 1-0


[Site "https://www.chess.com"]

[Event "Titled Tuesday Blitz December 13 Late 2022"]
[White "Antonova, Nadezhda"]
[Black "Seletsky, Grigory"]
[WhiteFideId "14700182"]
[BlackFideId "14112191"]
[WhiteElo "1814"]
[BlackElo "2492"]
[Result "0-1"]
[Round "10"]
[TimeControl "180+1"]
[Date "2022.12.14"]
[WhiteClock "0:01:51"]
[BlackClock "0:02:05"]

1. Nf3 c5 2. b3 Nc6 3. Bb2 d6 4. g3 e5 5. Bg2 g6 6. O-O Bg7 7. c4 Nge7 8. Nc3 O-O 9. e3 h6 10. a3 f5 11. d3 g5 12. Nd5 Be6 13. Nxe7+ Qxe7 14. d4 cxd4 15. exd4 e4 16. Ne1 d5 17. c5 f4 18. Nc2 f3 19. Bh1 g4 20. b4 a6 21. Ne3 h5 22. Bc3 Bh6 23. Qd2 Bg5 24. a4 Qf6 25. b5 Ne7 26. Ba5 Nf5 27. Bc3 Nxe3 28. fxe3 axb5 29. axb5 Bd7 30. Qb2 Bxe3+ 31. Rf2 Rxa1+ 32. Qxa1 Bxb5 0-1


[Site "https://www.chess.com"]

[Event "Titled Tuesday Blitz December 13 Late 2022"]
[White "Arkell, Keith C"]
[Black "Meduri, Aakaash"]
[WhiteFideId "400270"]
[BlackFideId "2032252"]
[WhiteElo "2356"]
[BlackElo "2113"]
[Result "1-0"]
[Round "10"]
[TimeControl "180+1"]
[Date "2022.12.14"]
[WhiteClock "0:01:45"]
[BlackClock "0:00:27"]

1. d4 d5 2. Nf3 Nf6 3. c4 c6 4. Nc3 e6 5. cxd5 exd5 6. Qc2 g6 7. Bg5 Be7 8. Bxf6 Bxf6 9. e3 Bf5 10. Bd3 Bxd3 11. Qxd3 O-O 12. b4 a6 13. O-O Nd7 14. a4 Nb6 15. b5 Nc4 16. bxc6 bxc6 17. Nd2 Nxd2 18. Qxd2 Qd6 19. Rac1 Rab8 20. Ne2 Rb3 21. Qc2 Ra3 22. Qxc6 Rd8 23. Qxd6 Rxd6 24. Ra1 Rxa1 25. Rxa1 Rc6 26. Rc1 Rb6 27. Nc3 Rd6 28. Kf1 Bd8 29. Rb1 Ba5 30. Ne2 g5 31. g4 Rc6 32. Rb8+ Kg7 33. Ra8 Bb4 34. Ng3 a5 35. Nf5+ Kf6 36. Kg2 Ke6 37. Re8+ Kf6 38. Rh8 Kg6 39. Rd8 Rc2 40. Rxd5 Be1 41. Rd6+ f6 42. Rd7 Rxf2+ 43. Kg1 Rxf5 44. gxf5+ Kxf5 45. Re7 Bb4 46. Re8 Kg4 47. Kg2 f5 48. h3+ Kh5 49. d5 1-0


[Site "https://www.chess.com"]

[Event "Titled Tuesday Blitz December 13 Late 2022"]
[White "Barria Zuniga, Daniel"]
[Black "Suarez Uriel, Adrian"]
[WhiteFideId "3400816"]
[BlackFideId "22230874"]
[WhiteElo "2414"]
[BlackElo "2331"]
[Result "1-0"]
[Round "10"]
[TimeControl "180+1"]
[Date "2022.12.13"]
[WhiteClock "0:02:30"]
[BlackClock "0:01:33"]

1. d4 Nf6 2. c4 e6 3. Nf3 c5 4. d5 exd5 5. cxd5 d6 6. Nc3 g6 7. h3 Bg7 8. e4 O-O 9. Bd3 b5 10. Nxb5 Re8 11. O-O Nxe4 12. Bxe4 Rxe4 13. Ng5 Re5 14. f4 Re8 15. f5 a6 16. Nxf7 Kxf7 17. fxg6+ Kg8 18. Qh5 h6 19. Bxh6 Re7 20. Rf7 a5 1-0


[Site "https://www.chess.com"]

[Event "Titled Tuesday Blitz December 13 Late 2022"]
[White "Bernabeu Lopez, Carlos Javier"]
[Black "Melikyan, Gnel"]
[WhiteFideId "2235366"]
[BlackFideId "54109990"]
[WhiteElo "2324"]
[BlackElo "2138"]
[Result "0-1"]
[Round "10"]
[TimeControl "180+1"]
[Date "2022.12.13"]
[WhiteClock "0:01:31"]
[BlackClock "0:00:28"]

1. e4 e5 2. Nf3 Nf6 3. Nc3 Nc6 4. a3 Bc5 5. Nxe5 Nxe5 6. d4 Bd6 7. dxe5 Bxe5 8. Bd3 d6 9. h3 O-O 10. O-O h6 11. Be3 Re8 12. Qf3 Bd7 13. Bf4 Bxc3 14. bxc3 Bc6 15. Rfe1 Qe7 16. Qg3 Nh5 17. Qg4 Nxf4 18. Qxf4 Qe5 19. Qxe5 Rxe5 20. f3 Rae8 21. Kf2 Rc5 22. c4 Bd7 23. Ke3 f5 24. Kd4 f4 25. h4 Ree5 26. Rh1 Kf7 27. Rag1 Ra5 28. Ra1 Be6 29. Kc3 Rec5 30. Kb4 Ra6 31. Rhb1 Rac6 32. e5 dxe5 33. Re1 Bxc4 34. Be4 a5+ 35. Kc3 Bd5+ 36. Kd3 Rc3+ 0-1


[Site "https://www.chess.com"]

[Event "Titled Tuesday Blitz December 13 Late 2022"]
[White "Bjelobrk, Igor"]
[Black "Rodriguez Fontecha, Marcos"]
[WhiteFideId "4300726"]
[BlackFideId "2256576"]
[WhiteElo "2335"]
[BlackElo "2263"]
[Result "1-0"]
[Round "10"]
[TimeControl "180+1"]
[Date "2022.12.13"]
[WhiteClock "0:00:13"]
[BlackClock "0:00:02"]

1. Nf3 d5 2. g3 Nf6 3. Bg2 Bf5 4. O-O e6 5. c4 c6 6. cxd5 exd5 7. d3 Bd6 8. Qb3 Qb6 9. Qc2 O-O 10. Nc3 Re8 11. Re1 Nbd7 12. e4 dxe4 13. dxe4 Bg6 14. Nh4 Rad8 15. Nxg6 hxg6 16. Be3 Qc7 17. Rad1 Ne5 18. f3 Nc4 19. Bf2 Bf8 20. b3 Nb6 21. Rxd8 Rxd8 22. e5 Nfd5 23. Nxd5 Nxd5 24. e6 Bb4 25. exf7+ Qxf7 26. Rd1 Re8 27. Qd3 Nc3 28. Ra1 Nd5 29. f4 Kh7 30. a3 Ba5 31. Rd1 Bb6 32. Bxd5 Bxf2+ 33. Kxf2 cxd5 34. Qxd5 Qc7 35. Qd3 Qb6+ 36. Kg2 Qc6+ 37. Kh3 Qc8+ 38. Qd7 Qb8 39. Rd6 Rf8 40. Qe7 Qc8+ 41. Rd7 Rg8 42. b4 g5 43. f5 Qc4 44. Qxg5 Qf1+ 45. Kh4 Qe2 46. h3 Qf3 47. Qg6+ Kh8 48. Qg4 Qxg4+ 49. Kxg4 Rb8 50. Rc7 Kh7 51. Kg5 Kg8 52. Kg6 Kh8 53. Rxg7 a5 54. b5 a4 55. b6 Rc8 56. Rxb7 Rc6+ 57. Kg5 Rc8 58. Rc7 Rg8+ 59. Kf4 1-0


[Site "https://www.chess.com"]

[Event "Titled Tuesday Blitz December 13 Late 2022"]
[White "Brown, Andrew"]
[Black "Jimenez Almeida, Luis David"]
[WhiteFideId "3206513"]
[BlackFideId "22242244"]
[WhiteElo "2245"]
[BlackElo "2158"]
[Result "0-1"]
[Round "10"]
[TimeControl "180+1"]
[Date "2022.12.14"]
[WhiteClock "0:00:17"]
[BlackClock "0:00:40"]

1. d4 g6 2. c4 Bg7 3. Nc3 c5 4. e4 cxd4 5. Nb5 Nc6 6. f4 a6 7. Na3 d6 8. Nf3 e5 9. Bd3 Nge7 10. O-O O-O 11. f5 gxf5 12. exf5 Nxf5 13. Ng5 Nce7 14. g4 Nh6 15. Bxh7+ Kh8 16. Be4 Bxg4 17. Qe1 Qd7 18. Qh4 f5 19. Bd5 Nxd5 20. cxd5 f4 21. Nc4 Be2 22. Nb6 Qd8 23. Nxa8 Bxf1 24. Kxf1 Qxa8 25. Ne6 Rf6 26. Nxg7 Kxg7 27. Bd2 Qe8 28. Rc1 Qb5+ 29. Kg1 Rg6+ 30. Kh1 Qxd5# 0-1


[Site "https://www.chess.com"]

[Event "Titled Tuesday Blitz December 13 Late 2022"]
[White "Bryant, Todd"]
[Black "Blanco Acevedo, Cristobal Jose"]
[WhiteFideId "2031299"]
[BlackFideId "3900525"]
[WhiteElo "2355"]
[BlackElo "2273"]
[Result "0-1"]
[Round "10"]
[TimeControl "180+1"]
[Date "2022.12.14"]
[WhiteClock "0:01:53"]
[BlackClock "0:02:06"]

1. e4 c5 2. Nf3 Nc6 3. d4 cxd4 4. Nxd4 Nf6 5. Nc3 e5 6. Ndb5 d6 7. Bg5 a6 8. Na3 b5 9. Bxf6 gxf6 10. Nd5 f5 11. Bd3 Be6 12. c3 Bg7 13. Nxb5 axb5 14. Bxb5 Bd7 15. exf5 h5 16. Qf3 Rc8 17. f6 Bh6 18. Qxh5 Bd2+ 19. Kxd2 Rxh5 20. f3 Be6 21. Nb4 Bd7 22. Nd5 e4 23. c4 Rxd5+ 24. cxd5 Qa5+ 0-1


[Site "https://www.chess.com"]

[Event "Titled Tuesday Blitz December 13 Late 2022"]
[White "Buchenau, Frank"]
[Black "Omelja, Artem"]
[WhiteFideId "4604350"]
[BlackFideId "14119846"]
[WhiteElo "2157"]
[BlackElo "2404"]
[Result "0-1"]
[Round "10"]
[TimeControl "180+1"]
[Date "2022.12.14"]
[WhiteClock "0:00:01"]
[BlackClock "0:00:37"]

1. e4 a6 2. d4 b5 3. Bd3 Bb7 4. Nf3 e6 5. O-O c5 6. c3 Nf6 7. Re1 Be7 8. Nbd2 d6 9. Nf1 Nbd7 10. Ng3 O-O 11. Bd2 Rc8 12. e5 Nd5 13. Ne4 dxe5 14. dxe5 c4 15. Bc2 g6 16. Bh6 Re8 17. Bg5 Qc7 18. Bxe7 Rxe7 19. Qd4 Nc5 20. Nf6+ Kg7 21. Qh4 h6 22. Nxd5 Bxd5 23. Nd4 Rd7 24. Re3 Qd8 25. Qf4 Qg5 26. Qxg5 hxg5 27. Rae1 Rb8 28. Rg3 b4 29. Rxg5 bxc3 30. bxc3 Rb2 31. h4 Nd3 32. Re3 Nf4 33. f3 Bb7 34. Rg4 Nd5 35. Re1 Nxc3 36. h5 Rxd4 37. Rxd4 Rxc2 38. hxg6 Ne2+ 39. Rxe2 Rxe2 40. gxf7 Bd5 41. Kf1 Rxe5 42. Rf4 Rf5 0-1


[Site "https://www.chess.com"]

[Event "Titled Tuesday Blitz December 13 Late 2022"]
[White "Burke, Paul"]
[Black "Mitrovic, Darko R"]
[WhiteFideId "2605767"]
[BlackFideId "927023"]
[WhiteElo "1917"]
[BlackElo "2150"]
[Result "0-1"]
[Round "10"]
[TimeControl "180+1"]
[Date "2022.12.14"]
[WhiteClock "0:00:02"]
[BlackClock "0:00:12"]

1. e4 e6 2. d4 d5 3. e5 c5 4. Qg4 cxd4 5. Nf3 Nc6 6. Bd3 Nb4 7. O-O Nxd3 8. cxd3 Bd7 9. Nxd4 Qb6 10. Nf3 Ne7 11. Re1 Rc8 12. Nc3 Nf5 13. Qf4 Bc5 14. Re2 O-O 15. a3 a5 16. g4 Nd4 17. Nxd4 Bxd4 18. Be3 Bxe3 19. fxe3 f6 20. d4 Qc7 21. Qg3 fxe5 22. dxe5 b5 23. Rae1 b4 24. axb4 axb4 25. Nb1 Bb5 26. Rg2 Bd3 27. Nd2 Rf7 28. g5 Rcf8 29. h4 Rf5 30. h5 Qxe5 31. b3 Qxg3 32. Rxg3 Re5 33. Kg2 Be4+ 34. Kg1 Rff5 35. Nxe4 dxe4 36. Rc1 Rxg5 37. Rc8+ Kf7 38. Rc7+ Kf6 0-1


[Site "https://www.chess.com"]

[Event "Titled Tuesday Blitz December 13 Late 2022"]
[White "Campelo, Leandro Fabricio"]
[Black "Prohorov, Olexandr"]
[WhiteFideId "2103346"]
[BlackFideId "14105578"]
[WhiteElo "2070"]
[BlackElo "1993"]
[Result "1-0"]
[Round "10"]
[TimeControl "180+1"]
[Date "2022.12.14"]
[WhiteClock "0:01:08"]
[BlackClock "0:00:35"]

1. e4 c5 2. Nf3 e6 3. d4 cxd4 4. Nxd4 Qb6 5. Nb3 Nf6 6. Nc3 Bb4 7. Bd3 d5 8. exd5 Nxd5 9. Bd2 Nxc3 10. bxc3 Be7 11. O-O O-O 12. Qh5 g6 13. Qh6 Bf6 14. Nd4 Nc6 15. Nf3 Bg7 16. Qh4 e5 17. Bh6 Be6 18. Ng5 Bh8 19. Bxf8 Kxf8 20. Nxe6+ fxe6 21. Qxh7 Bg7 22. Qxg6 Ne7 23. Qg4 Rd8 24. Rab1 Qc7 25. f4 Kg8 26. Qxe6+ Kh8 27. Qh3+ Kg8 28. Qh7+ Kf8 29. fxe5+ Ke8 30. Qxg7 Qc5+ 31. Kh1 Kd7 32. Rxb7+ Kc8 33. Rxe7 Qxc3 34. Ba6+ Kb8 35. Rb7+ Ka8 36. Rxa7+ Kb8 37. Qb7# 1-0


[Site "https://www.chess.com"]

[Event "Titled Tuesday Blitz December 13 Late 2022"]
[White "Crevatin, Leo"]
[Black "Andrews, Todd"]
[WhiteFideId "1726307"]
[BlackFideId "2012456"]
[WhiteElo "2190"]
[BlackElo "2395"]
[Result "1/2-1/2"]
[Round "10"]
[TimeControl "180+1"]
[Date "2022.12.13"]
[WhiteClock "0:00:06"]
[BlackClock "0:00:07"]

1. d4 Nf6 2. Bf4 d5 3. e3 e6 4. Nf3 Bd6 5. Ne5 O-O 6. Bd3 c5 7. c3 Qc7 8. Nd2 Nbd7 9. Nxd7 Bxd7 10. Bg5 Be7 11. O-O Rfe8 12. f4 b5 13. Nf3 Ne4 14. Bxe7 Rxe7 15. Ne5 Be8 16. Ng4 Rc8 17. Rc1 a5 18. Nf2 f5 19. Nxe4 dxe4 20. Be2 Rd8 21. Qc2 c4 22. b3 h6 23. bxc4 bxc4 24. Rb1 g5 25. g3 Rg7 26. Kh1 gxf4 27. gxf4 Kh7 28. Rg1 Rdd7 29. Qb2 Qd8 30. Rxg7+ Rxg7 31. Rg1 Rxg1+ 32. Kxg1 Qh4 33. Qd2 Bh5 34. Bxh5 Qxh5 35. Kf1 Qf3+ 36. Qf2 Qd1+ 37. Kg2 a4 38. h3 a3 39. Kh2 Qc1 40. Qh4 Qb2+ 41. Kh1 Qb1+ 42. Kh2 Qxa2+ 43. Kg3 Qe2 44. Qe7+ Kh8 45. Qf8+ Kh7 46. Qf7+ Kh8 47. Qf8+ Kh7 48. Qf7+ Kh8 49. Qf8+ 1/2-1/2


[Site "https://www.chess.com"]

[Event "Titled Tuesday Blitz December 13 Late 2022"]
[White "Cruz, William Ferreira Da"]
[Black "Kovacevic, Radmila"]
[WhiteFideId "2118050"]
[BlackFideId "933171"]
[WhiteElo "2223"]
[BlackElo "2244"]
[Result "0-1"]
[Round "10"]
[TimeControl "180+1"]
[Date "2022.12.14"]
[WhiteClock "0:00:36"]
[BlackClock "0:00:03"]

1. d4 e5 2. dxe5 Nc6 3. Nf3 Qe7 4. Nc3 Nxe5 5. Nxe5 Qxe5 6. e3 c6 7. Be2 Bd6 8. f4 Qe7 9. O-O Nf6 10. Bf3 Bc5 11. Kh1 d5 12. e4 dxe4 13. Nxe4 Nxe4 14. Bxe4 O-O 15. Bd3 Qh4 16. c3 Bg4 17. Qc2 Rad8 18. b4 Bb6 19. Bb2 Rfe8 20. c4 Bd4 21. Bxd4 Rxd4 22. f5 Bh5 23. f6 Bg6 24. Bxg6 hxg6 25. fxg7 Rxc4 26. Qd3 Rd4 27. Qf3 Re7 28. g3 Qe4 29. Qxe4 Rexe4 30. a3 Re2 31. Rae1 Rdd2 32. Rxe2 Rxe2 33. Rd1 Kxg7 34. Rd7 Ra2 35. Rxb7 Rxa3 36. Rc7 Ra4 37. Rxc6 Rxb4 38. Rc7 a5 39. Ra7 Ra4 40. Kg2 Ra3 41. h4 Kf6 42. g4 Ke6 43. Kf2 Rh3 44. Ra6+ Ke7 45. Rxa5 Rxh4 46. Kg3 Rh1 47. Kf4 Kf6 48. Ra6+ Kg7 49. g5 Rf1+ 50. Ke4 Rf5 51. Ra7 Rxg5 52. Kf3 Rf5+ 53. Kg4 Kh6 54. Rb7 Rf1 55. Rb8 f5+ 56. Kh4 Rh1+ 57. Kg3 Kg5 58. Rb6 Rh5 59. Kf3 Rh3+ 60. Kg2 Re3 61. Kf2 Re4 62. Kf3 Ra4 63. Kg3 Ra3+ 64. Kg2 Kh5 65. Kf2 f4 66. Kg2 g5 67. Rc6 Kg4 68. Rc2 f3+ 69. Kf2 Ra4 70. Rb2 Rf4 71. Rb1 Re4 72. Rg1+ Kf4 73. Rb1 g4 74. Rb8 Re2+ 75. Kg1 Kg3 76. Rb1 Rh2 77. Rb3 Rh3 78. Rc3 Rh2 79. Rb3 Rg2+ 80. Kf1 Kh3 81. Rb8 Kg3 82. Rb3 Rc2 83. Rb1 Kh2 84. Rb8 Rc1+ 85. Kf2 Rc2+ 86. Kf1 Kg3 87. Rb7 Rc1# 0-1


[Site "https://www.chess.com"]

[Event "Titled Tuesday Blitz December 13 Late 2022"]
[White "Curtis, John"]
[Black "Floresvillar Gonzalez, Luis Migu"]
[WhiteFideId "3200256"]
[BlackFideId "5100542"]
[WhiteElo "2203"]
[BlackElo "2040"]
[Result "1-0"]
[Round "10"]
[TimeControl "180+1"]
[Date "2022.12.14"]
[WhiteClock "0:00:37"]
[BlackClock "0:01:12"]

1. e4 c6 2. d4 d5 3. exd5 cxd5 4. c4 Nf6 5. Nc3 e6 6. Nf3 Bb4 7. c5 O-O 8. Bd3 Ne4 9. Qc2 f5 10. O-O Nc6 11. Ne2 Bd7 12. a3 Ba5 13. b4 Bc7 14. b5 Ne7 15. Bf4 Rc8 16. Bxc7 Qxc7 17. Ne5 Ng6 18. Nxg6 hxg6 19. f3 Nf6 20. Qb2 g5 21. a4 g6 22. a5 Kg7 23. b6 axb6 24. axb6 Qb8 25. Ra7 Rh8 26. g3 Nh5 27. Bb5 Bxb5 28. Qxb5 Rc6 29. Qxc6 Nxg3 30. Nxg3 f4 31. Qd7+ Kh6 32. Rxb7 Qf8 33. Re1 fxg3 34. Kg2 gxh2 35. Rh1 g4 36. Rxh2+ Kg5 37. Qe7+ Qxe7 38. Rxe7 gxf3+ 39. Kg3 Rxh2 40. Kxh2 Kf5 41. Rxe6 Kxe6 42. b7 f2 43. Kg2 1-0


[Site "https://www.chess.com"]

[Event "Titled Tuesday Blitz December 13 Late 2022"]
[White "De Souza, Cristiano Gomes"]
[Black "Espinosa, Pedro"]
[WhiteFideId "2151758"]
[BlackFideId "30921066"]
[WhiteElo "2068"]
[BlackElo "2016"]
[Result "0-1"]
[Round "10"]
[TimeControl "180+1"]
[Date "2022.12.14"]
[WhiteClock "0:00:01"]
[BlackClock "0:00:06"]

1. d4 d5 2. c4 c6 3. Nf3 Nf6 4. Nc3 e6 5. Bg5 dxc4 6. e4 b5 7. e5 h6 8. Bh4 g5 9. exf6 gxh4 10. Ne5 Qxf6 11. Be2 Bb7 12. Bh5 Rh7 13. Bf3 Bd6 14. Ne4 Bb4+ 15. Kf1 Qe7 16. a3 Bd6 17. Qc2 Rg7 18. Qd2 Rh7 19. Qf4 Nd7 20. Rd1 O-O-O 21. Nxd6+ Qxd6 22. Qe4 f5 23. Qxh4 Nxe5 24. dxe5 Qxd1+ 25. Bxd1 Rxd1+ 26. Ke2 Rxh1 27. Qf6 Rd7 28. Qxe6 Rxh2 29. Qxf5 Rxg2 30. e6 Rd5 31. Qf8+ Kc7 32. e7 Re5+ 33. Kd1 Rg1+ 34. Kd2 Rd5+ 35. Kc2 Re1 36. e8=Q Rxe8 37. Qxe8 c5 38. Qe7+ Kb6 39. Qe6+ Bc6 40. Qxh6 Rf5 41. f4 a5 42. Qd6 Rf7 43. b4 axb4 44. axb4 cxb4 45. Qxb4 Rxf4 46. Qd6 Rf2+ 47. Kc3 Rf3+ 48. Kb2 Rd3 49. Qb8+ Kc5 50. Qa7+ Kd5 51. Qf7+ Kd6 52. Qg6+ Kc7 53. Qg7+ Rd7 54. Qg3+ Kb6 55. Qe3+ Kb7 56. Qc5 Rf7 57. Kc3 Rf3+ 58. Kb4 c3 59. Ka5 Be4 60. Qxb5+ Kc7 61. Qb6+ Kd7 62. Qd4+ Kc7 63. Qxe4 c2 64. Qxc2+ Kd6 65. Qd2+ Ke5 66. Kb5 Rf5 67. Kc4 Kf6 68. Kd4 Ke6 69. Ke4 Re5+ 70. Kf4 Rf5+ 71. Kg4 Re5 72. Qa2+ Kd6 73. Kf4 Re7 74. Qa3+ Ke6 0-1


[Site "https://www.chess.com"]

[Event "Titled Tuesday Blitz December 13 Late 2022"]
[White "Domingo Nunez, Ruben"]
[Black "Martinez Ramirez, Lennis"]
[WhiteFideId "22245570"]
[BlackFideId "3509079"]
[WhiteElo "2406"]
[BlackElo "2439"]
[Result "0-1"]
[Round "10"]
[TimeControl "180+1"]
[Date "2022.12.13"]
[WhiteClock "0:00:06"]
[BlackClock "0:00:59"]

1. b3 d5 2. Bb2 Nf6 3. Nf3 Bf5 4. e3 e6 5. Be2 h6 6. O-O c5 7. c4 Nc6 8. cxd5 exd5 9. d4 a6 10. Nc3 Rc8 11. Rc1 cxd4 12. Nxd4 Bg6 13. Nxc6 Rxc6 14. Bf3 Rd6 15. Qd4 Rd7 16. Rfd1 Be7 17. Nxd5 Nxd5 18. Bxd5 Bf6 19. Bxf7+ Bxf7 20. Qe4+ Kf8 21. Rxd7 Qxd7 22. Bxf6 gxf6 23. h4 Kg7 24. Qf4 Rc8 25. Re1 h5 26. Qf3 Rc2 27. Qd1 Qxd1 28. Rxd1 Rxa2 29. Rd7 b5 30. f4 Ra3 31. e4 Rxb3 32. Kf2 a5 33. g4 hxg4 34. h5 Rf3+ 35. Kg2 Rh3 0-1


[Site "https://www.chess.com"]

[Event "Titled Tuesday Blitz December 13 Late 2022"]
[White "Donskov, Anatoly"]
[Black "Toncheva, Nadya"]
[WhiteFideId "24143413"]
[BlackFideId "2924056"]
[WhiteElo "2219"]
[BlackElo "2101"]
[Result "0-1"]
[Round "10"]
[TimeControl "180+1"]
[Date "2022.12.14"]
[WhiteClock "0:00:52"]
[BlackClock "0:00:24"]

1. d4 d5 2. Nf3 Nf6 3. Bf4 c5 4. e3 Nc6 5. c3 Qb6 6. Qb3 c4 7. Qc2 Bf5 8. Qc1 e6 9. Nbd2 h6 10. h3 Be7 11. Be2 O-O 12. Bh2 Qd8 13. Ne5 Nxe5 14. dxe5 Nd7 15. Nf3 Nc5 16. O-O Bd3 17. Bxd3 Nxd3 18. Qd2 b5 19. Ne1 Nc5 20. Nc2 Qb6 21. Kh1 a5 22. f4 Ne4 23. Qe2 b4 24. cxb4 axb4 25. Nd4 Bc5 26. Nc2 b3 27. axb3 cxb3 28. Nd4 Bxd4 29. exd4 Qxd4 30. Rad1 Qb6 31. f5 Rac8 32. f6 g6 33. Qf3 Rc2 34. Bg1 Qc7 35. Bd4 Kh7 36. Qxb3 Rb8 37. Qe3 Qc4 38. Rd3 Nf2+ 39. Rxf2 Rxf2 40. Rc3 Qf1+ 41. Kh2 Qxg2# 0-1


[Site "https://www.chess.com"]

[Event "Titled Tuesday Blitz December 13 Late 2022"]
[White "Dudzinski, Pawel"]
[Black "Estrada Nieto, Julian"]
[WhiteFideId "1117890"]
[BlackFideId "5101018"]
[WhiteElo "2099"]
[BlackElo "2195"]
[Result "1-0"]
[Round "10"]
[TimeControl "180+1"]
[Date "2022.12.14"]
[WhiteClock "0:00:11"]
[BlackClock "0:00:10"]

1. e4 e5 2. Nc3 Nf6 3. g3 d5 4. exd5 Nxd5 5. Bg2 Nxc3 6. bxc3 Nc6 7. Nf3 Bc5 8. O-O O-O 9. Re1 Bg4 10. h3 Bh5 11. g4 Bg6 12. Rb1 Bb6 13. d3 f5 14. gxf5 Rxf5 15. Be3 Qf6 16. d4 exd4 17. Nxd4 Nxd4 18. Bxd4 Qg5 19. Qg4 Bxd4 20. cxd4 Qxg4 21. hxg4 Rf4 22. Rxb7 Rxg4 23. Rxc7 Rf8 24. Ree7 Bf7 25. c4 h5 26. Kh2 Rh4+ 27. Kg3 Rg4+ 28. Kh3 g5 29. Bd5 Rh4+ 30. Kg2 Rg4+ 31. Kf1 Rf4 32. Rxf7 R8xf7 33. Rxf7 Rxf7 34. c5 Kf8 35. Bxf7 Kxf7 36. c6 Ke7 37. d5 Kd6 38. Kg2 g4 39. Kg3 a5 40. Kh4 a4 41. a3 Kxd5 42. c7 Kc4 43. c8=Q+ Kb3 44. Qc5 Ka2 45. Qb4 Ka1 46. Qxa4 Ka2 47. Qb4 Ka1 48. Kg3 h4+ 49. Kxh4 g3 50. Kxg3 Ka2 51. a4 Ka1 52. a5 1-0


[Site "https://www.chess.com"]

[Event "Titled Tuesday Blitz December 13 Late 2022"]
[White "Fernandez De La Vara, Arnaldo"]
[Black "Novikova, Galina"]
[WhiteFideId "3518388"]
[BlackFideId "4157095"]
[WhiteElo "2387"]
[BlackElo "1953"]
[Result "1-0"]
[Round "10"]
[TimeControl "180+1"]
[Date "2022.12.14"]
[WhiteClock "0:00:09"]
[BlackClock "0:00:02"]

1. Nf3 e6 2. g3 d5 3. Bg2 c6 4. O-O Nf6 5. b3 Be7 6. Bb2 O-O 7. d4 b6 8. c4 Bb7 9. Nc3 Nbd7 10. Nd2 c5 11. e3 cxd4 12. exd4 Rc8 13. Rc1 Ba8 14. cxd5 Nxd5 15. Nxd5 Bxd5 16. Bxd5 exd5 17. Re1 Bg5 18. f4 Bf6 19. Nf1 Nc5 20. Ne3 Ne6 21. Rxc8 Qxc8 22. Nxd5 Bd8 23. Ba3 Re8 24. f5 Nc7 25. Nxc7 Bxc7 26. d5 h6 27. d6 Rxe1+ 28. Qxe1 Bb8 29. Qe4 Qd7 30. Qd5 Kh7 31. Kf2 f6 32. h4 a5 33. Kg2 b5 34. Bc5 a4 35. Kh3 axb3 36. axb3 Kh8 37. b4 Kh7 38. Kh2 Kh8 39. Kg2 Kh7 40. Kh3 Kh8 41. Qa8 Qd8 42. Ba7 Kh7 43. Bxb8 Qd7 44. Qd5 Qc8 45. d7 Qc1 46. d8=Q Qf1+ 47. Qg2 Qxf5+ 48. Kh2 Qb1 49. Qdd5 f5 50. Qdf3 1-0


[Site "https://www.chess.com"]

[Event "Titled Tuesday Blitz December 13 Late 2022"]
[White "Goroshkov, Maksym"]
[Black "Samsonkin, Artiom"]
[WhiteFideId "14142716"]
[BlackFideId "13503111"]
[WhiteElo "2258"]
[BlackElo "2524"]
[Result "1-0"]
[Round "10"]
[TimeControl "180+1"]
[Date "2022.12.13"]
[WhiteClock "0:01:00"]
[BlackClock "0:00:05"]

1. e4 c5 2. d4 cxd4 3. c3 d5 4. exd5 Qxd5 5. cxd4 e5 6. Nf3 Nc6 7. Nc3 Bb4 8. Be2 e4 9. O-O Bxc3 10. bxc3 exf3 11. Bxf3 Qd8 12. Re1+ Nce7 13. Ba3 Qa5 14. Bb4 Qg5 15. d5 Bh3 16. d6 O-O-O 17. Qa4 Ng6 18. Qxa7 Qb5 19. gxh3 Nh4 20. Qa8+ Kd7 21. Qxb7+ Qxb7 22. Bxb7 Rb8 23. Bh1 1-0


[Site "https://www.chess.com"]

[Event "Titled Tuesday Blitz December 13 Late 2022"]
[White "Gutkin, Ilya"]
[Black "Souleidis, Georgios"]
[WhiteFideId "16203470"]
[BlackFideId "4206827"]
[WhiteElo "2450"]
[BlackElo "2633"]
[Result "1-0"]
[Round "10"]
[TimeControl "180+1"]
[Date "2022.12.14"]
[WhiteClock "0:00:13"]
[BlackClock "0:00:08"]

1. Nf3 Nf6 2. g3 g6 3. b3 Bg7 4. Bb2 O-O 5. Bg2 c5 6. c4 Nc6 7. O-O b6 8. d4 cxd4 9. Nxd4 Bb7 10. Nc3 Rc8 11. Nc2 Qc7 12. Ne3 Qb8 13. Qd2 d6 14. Ncd5 Nxd5 15. Nxd5 f6 16. Nf4 Nd8 17. Bd5+ Kh8 18. Qe3 e5 19. Nd3 f5 20. Bxb7 Qxb7 21. Nb4 f4 22. Qd2 Nf7 23. gxf4 exf4 24. Bxg7+ Kxg7 25. Qxf4 Ne5 26. Qg3 Qe4 27. Rae1 Rf5 28. Nd5 Nf7 29. f3 Qe6 30. f4 Qe4 31. Qf3 Qc2 32. e4 Rh5 33. Rf2 1-0


[Site "https://www.chess.com"]

[Event "Titled Tuesday Blitz December 13 Late 2022"]
[White "Ibarra Jerez, Jose Carlos"]
[Black "Deac, Bogdan-Daniel"]
[WhiteFideId "2226332"]
[BlackFideId "1226380"]
[WhiteElo "2638"]
[BlackElo "2649"]
[Result "0-1"]
[Round "10"]
[TimeControl "180+1"]
[Date "2022.12.13"]
[WhiteClock "0:00:03"]
[BlackClock "0:00:06"]

1. a3 d5 2. d4 Nf6 3. Nf3 c6 4. e3 Bf5 5. c4 e6 6. Nc3 Nbd7 7. c5 a5 8. Bd2 Ne4 9. b4 Nxd2 10. Nxd2 Be7 11. Nb3 axb4 12. axb4 e5 13. Be2 O-O 14. O-O Bf6 15. Qd2 Re8 16. b5 exd4 17. Nxd4 Rxa1 18. Rxa1 Nxc5 19. Rd1 Bd7 20. bxc6 bxc6 21. Bf3 Ne6 22. Nxe6 fxe6 23. g3 Qb6 24. Rc1 Qa5 25. Qc2 Bxc3 26. Qxc3 Qxc3 27. Rxc3 Rc8 28. e4 Kf7 29. Rc5 Kf6 30. Bg4 Ke7 31. e5 g5 32. Kg2 Rb8 33. Be2 Rb4 34. Bd3 h6 35. Kf3 Kd8 36. Ra5 Kc7 37. Ke3 Kb6 38. Ra6+ Kb7 39. Ra5 d4+ 40. Kf3 Be8 41. h4 Rb3 42. Ke2 gxh4 43. gxh4 Bh5+ 44. Kd2 Rb2+ 45. Ke1 Bf3 46. Bc4 Kb6 47. Ra3 Bg4 48. Bd3 Kc5 49. Ra5+ Kb4 50. Ra6 Kc3 51. Be4 c5 52. Kf1 c4 53. f3 Bh3+ 54. Ke1 d3 55. Rd6 Re2+ 56. Kd1 Re3 57. Ra6 Rxe4 58. fxe4 Bg4+ 59. Ke1 d2+ 0-1


[Site "https://www.chess.com"]